 Dungeon Crawl Stone Soup version 0.31-a0-1589-g8f5e8aebd6 (webtiles) character file.

Game seed: 10579651242208093232

128 Flugslaktarn the Apothecary (level 5, 0/31 HPs)
             Began as an Octopode Alchemist on Jan 5, 2024.
             Succumbed to a scorpion's poison
             ... on level 4 of the Dungeon.
             The game lasted 00:02:08 (735 turns).

Flugslaktarn the Apothecary (Octopode Alchemist)     Turns: 735, Time: 00:02:08

Health: 0/31       AC:  1    Str:  6 (8)  XL:     5   Next: 12%
Magic:  5/9        EV: 18    Int: 19      God:
Gold:   118        SH:  0    Dex: 11 (12) Spells: 5/10 levels left

rFire   . . .        f - +0 dagger
rCold   . . .        (no shield)
rNeg    . . .        (helmet restricted)
rPois   .            (no amulet)
rElec   .            i - ring of see invisible
rCorr   .            v - +5 ring of evasion
SInv    +            (no ring)
Will    .....        (no ring)
Stlth   +++          (no ring)
HPRegen 0.25/turn    (no ring)
MPRegen 0.11/turn    (no ring)
                     (no ring)

%: no passive effects
@: lethally poisoned (0 -> -1), on berserk cooldown, slowed, very slow
A: almost no armour, amphibious, 8 rings, camouflage 1, gelatinous body 1,
(nimble swimmer 1), tentacles
a: no special abilities


You were on level 4 of the Dungeon.
You visited 1 branch of the dungeon, and saw 4 of its levels.

You collected 118 gold pieces.

Inventory:

Hand Weapons
 f - a +0 dagger (weapon)
   (You took it off a goblin on level 1 of the Dungeon)
Missiles
 k - 5 curare-tipped darts
Jewellery
 i - a ring of see invisible (left tentacle)
   (You found it on level 1 of the Dungeon)
 v - a +5 ring of evasion (right tentacle)
   (You found it on level 2 of the Dungeon)
Talismans
 m - a blade talisman
   (You found it on level 3 of the Dungeon)
Scrolls
 b - 2 scrolls of enchant weapon {unknown}
 c - a scroll of revelation {unknown}
 e - a scroll of summoning {unknown}
 g - a scroll of teleportation {unknown}
 h - a scroll of fear {unknown}
 l - a scroll of identify {unknown}
Potions
 a - a potion of magic


   Skills:
 - Level 2.0 Dodging
 - Level 2.6 Stealth
 + Level 3.1 Spellcasting
 - Level 1.0 Conjurations
 * Level 5.4 Alchemy


You had 5 spell levels left.
You knew the following spells:

 Your Spells              Type           Power      Damage    Failure   Level
a - Sting                 Conj/Alch      60%        1d6       4%          1
b - Olgreb's Toxic Radia  Alch           23%        N/A       16%         4

Your spell library contained the following spells:

 Spells                   Type           Power      Damage    Failure   Level
 Mercury Vapours          Alch/Air       26%        N/A       8%          2
 Shock                    Conj/Air       16%        1d4       12%         1
 Mephitic Cloud           Conj/Alch/Air  11%        N/A       19%         3
 Call Imp                 Summ           6%         N/A       22%         2
 Sublimation of Blood     Necr           3%         N/A       22%         2
 Swiftness                Air            3%         N/A       41%         3
 Sticky Flame             Fire/Alch      13%        2d5       45%         4
 Airstrike                Air            1%         2d(1-17)  83%         4
 Summon Hydra             Summ           1%         N/A       100%        7


Dungeon Overview and Level Annotations

Branches:
Dungeon (4/15)
 Temple: D:4-7

Altars:

Annotations:
D:3 Robin


Innate Abilities, Weirdness & Mutations

You cannot wear most types of armour.
You are amphibious.
You can wear up to eight rings at the same time.
Your skin changes colour to match your surroundings (Stealth+).
Your rubbery body absorbs attacks. (AC +1, EV +1)
((You are camouflaged when in or above water. (Stealth+)))
You have tentacles for arms and can constrict up to eight enemies at once.


Message History

Aiming: Sting (safe; 4% risk of failure)
Press: ? - help, Shift-Dir - straight line, f - hobgoblin
Aim: a hobgoblin (strong, 71% to hit)
The sting hits the hobgoblin.
The hobgoblin is poisoned.
You kill the hobgoblin!
This spell is astonishingly dangerous to cast!
You start memorising the spell.
You continue memorising. x4
You finish memorising.
Spell assigned to 'b'.
Found 6 stones.
Unknown command.
There is a stone staircase leading down here.
Found a spear.
Unknown command.
Magic restored.
A ball python comes into view.
A ball python is nearby!
A scorpion comes into view.
Casting: Sting (safe; 4% risk of failure)
Confirm with . or Enter, or press ? or * to list all spells.
Aiming: Sting (safe; 4% risk of failure)
Press: ? - help, Shift-Dir - straight line, f - ball python
Aim: a ball python (68% to hit)
The sting hits the ball python.
The ball python is poisoned.
You kill the ball python!
Casting: Sting (safe; 4% risk of failure)
Confirm with . or Enter, or press ? or * to list all spells.
Aiming: Sting (safe; 4% risk of failure)
Press: ? - help, Shift-Dir - straight line, f - scorpion
Aim: a scorpion (71% to hit)
The sting misses the scorpion.
Casting: Sting (safe; 4% risk of failure)
Confirm with . or Enter, or press ? or * to list all spells.
Aiming: Sting (safe; 4% risk of failure)
Press: ? - help, Shift-Dir - straight line, f/p - scorpion
Aim: a scorpion (71% to hit)
The sting hits the scorpion but does no damage.
The scorpion is poisoned.
The scorpion stings you. The scorpion attacks as it pursues you!
The scorpion stings you.
Casting: Sting (safe; 4% risk of failure)
Confirm with . or Enter, or press ? or * to list all spells.
Aiming: Sting (safe; 4% risk of failure)
Press: ? - help, Shift-Dir - straight line, f/p - scorpion
Aim: a scorpion (lightly wounded, poisoned, 71% to hit)
The sting hits the scorpion but does no damage.
The scorpion looks even sicker.
The scorpion is lightly wounded.
The scorpion stings you.
Casting: Sting (safe; 4% risk of failure)
Confirm with . or Enter, or press ? or * to list all spells.
Aiming: Sting (safe; 4% risk of failure)
Press: ? - help, Shift-Dir - straight line, f/p - scorpion
Aim: a scorpion (moderately wounded, very poisoned, 71% to hit)
The sting misses the scorpion.
The scorpion stings you!
You are lethally poisoned!
The scorpion poisons you!
* * * LOW HITPOINT WARNING * * *
You feel very sick.
It was a potion of degeneration.
There was something very wrong with that liquid.
You feel weakened.
You feel dopey.
You feel clumsy.
* * * LOW HITPOINT WARNING * * *
You feel sick. The scorpion closely misses you.
It was a potion of berserk rage.
A red film seems to cover your vision as you go berserk!
You feel yourself moving faster!
You feel mighty!
* * * LOW HITPOINT WARNING * * *
You feel sick. The scorpion completely misses you.
The scorpion closely misses you.
You closely miss the scorpion. Your grab misses the scorpion.
The scorpion is severely wounded.
* * * LOW HITPOINT WARNING * * *
You feel sick.
You barely miss the scorpion. You grab the scorpion.
The scorpion is almost dead.
You constrict the scorpion, but do no damage.
* * * LOW HITPOINT WARNING * * *
You feel sick.
You kill the scorpion!
You feel your intelligence returning.
You feel your dexterity returning.
Your Spellcasting skill increases to level 3!
Your Alchemy skill increases to level 5!
You have reached level 5!
You feel stronger.
* * * LOW HITPOINT WARNING * * *
You feel sick.
You see here a scorpion corpse.
You feel a strong urge to attack something.
* * * LOW HITPOINT WARNING * * *
You feel sick.
* * * LOW HITPOINT WARNING * * *
You feel sick.
You feel your anger nearly subside.
You are no longer berserk.
You are exhausted.
You feel yourself slow down.
* * * LOW HITPOINT WARNING * * *
You feel sick.
* * * LOW HITPOINT WARNING * * *
You feel sick.
You die...

## #..... .. #.##.# # #.
########.##.#
#.#.##........##.#
##.#.#.###.##..##.#
#.....## ##.#..##.#
#.#...# #....##.#####
#.....## ##.#.....<...#
#.#.#...###...@.##.#.#.#
.....#.##†..#######.#.#
##.# #.....## #.#.#
##....##### #.#.# #
##.#. #########.#.#.###
#.#. #......#.>....... #
#. #.###........(... #
#.......#####
##.###...#.#.#


There were no monsters in sight!

Vanquished Creatures
  A scorpion (D:4)
  3 adders
  A dart slug (D:1)
  A bat (D:3)
  5 endoplasms
  A giant cockroach (D:2)
  2 goblins
  5 hobgoblins
  2 jackals (D:2)
  A quokka (D:1)
  7 ball pythons
  8 frilled lizards
  2 kobolds (D:2)
  3 rats
42 creatures vanquished.

Notes
Turn   | Place    | Note
-------+----------+-------------------------------------------
     0 | D:1      | Flugslaktarn the Octopode Alchemist began the quest for the
                  | Orb.
     0 | D:1      | Reached XP level 1. HP: 11/11 MP: 3/3
   122 | D:2      | Reached XP level 2. HP: 17/17 MP: 0/5
   230 | D:2      | Reached skill level 4 in Alchemy
   230 | D:2      | Reached XP level 3. HP: 13/21 MP: 0/6
   417 | D:3      | Found a faded altar of an unknown god.
   431 | D:3      | Reached XP level 4. HP: 27/27 MP: 0/8
   636 | D:3      | Noticed Robin
   663 | D:4      | Learned a level 4 spell: Olgreb's Toxic Radiance
   700 | D:4      | Noticed a scorpion
   728 | D:4      | Killed a scorpion
   729 | D:4      | Reached skill level 5 in Alchemy
   729 | D:4      | Reached XP level 5. HP: 6/31 MP: 5/9
   733 | D:4      | HP: 1/31 [poisoned by a scorpion]
   735 | D:4      | Succumbed to a scorpion's poison

Illustrated notes

Levels and vault maps discovered:
D:1:      dpeg_arrival_rhombus, layout_rooms
D:2:      layout_loops_corners
D:3:      layout_basic, nicolae_ecumenical_snake_handling, uniq_robin
D:4:      layout_loops_ring, nicolae_ru_sacrificial_ziggurat,
          trog_butcher_becter

Skill      XL: |  1  2  3  4 |
---------------+-------------+-----
Alchemy        | 4 5 |  5.4
Spellcasting   | 3 |  3.1
Dodging        | |  2.0
Stealth        | |  2.6
Conjurations   | |  1.0

Action                     |  1- 3 |  4- 6 || total
---------------------------+-------+-------++-------
  Melee: Unarmed           |     2 |       ||     2
         Tentacles         |     7 |     2 ||     9
         Constrict         |     6 |     4 ||    10
         Dagger            |    26 |    10 ||    36
         Punch             |     1 |       ||     1
   Cast: Sting             |    31 |    13 ||    44
    Use: Potion            |       |     2 ||     2
   Stab: Sleeping          |     3 |       ||     3
 Armour: Skin              |     5 |    13 ||    18
  Dodge: Dodged            |    28 |    13 ||    41

Table legend: (Time is in decaauts)
 A = Elapsed time spent in this place.
 B = Non-inter-level travel time spent in this place.
 C = Inter-level travel time spent in this place.
 D = Time resting spent in this place.
 E = Time spent auto-exploring this place.
 F = Levels seen in this place.
 G = Mean time per level.
                   A        B        C        D        E       F      G
               +--------+--------+--------+--------+--------+-----+--------+
         Total |    731 |    687 |     44 |      0 |    158 |   4 |  182.8 |
       Dungeon |    731 |    687 |     44 |      0 |    158 |   4 |  182.8 |
               +--------+--------+--------+--------+--------+-----+--------+

Top non-repeatable levels by time:
     D:2: 278 daAuts
     D:3: 219 daAuts
     D:1: 155 daAuts
     D:4: 79 daAuts
